 Dungeon Crawl Stone Soup version 0.30-a0-322-g102857c98e (webtiles) character file.

Game seed: 8336115936104643952

110 McGhostyFace the Chopper (level 4, 0/38 HPs)
             Began as a Gnoll Wanderer on Oct 28, 2022.
             Killed by nerve-wracking pain
             ... invoked by an orc priest
              (14 damage)
             ... on level 3 of the Dungeon.
             The game lasted 00:04:32 (2497 turns).

McGhostyFace the Chopper (Gnoll Wanderer)           Turns: 2497, Time: 00:04:33

Health: 0/38       AC:  3    Str:  9    XL:     4   Next: 91%
Magic:  4/8        EV: 12    Int: 15    God:
Gold:   121        SH:  0    Dex: 12    Spells: 8/9 levels left

rFire   . . .      SeeInvis .    a - +2 hand axe
rCold   . . .      Faith    .    (no shield)
rNeg    . . .      Spirit   .    d - +0 robe
rPois   .          Reflect  .    (no helmet)
rElec   .          Harm     .    (no cloak)
rCorr   .          Rampage  .    b - +0 pair of gloves
Will    .....                    (no boots)
Stlth   ++........               (no amulet)
HPRegen 0.26/turn                (no ring)
MPRegen 0.11/turn                (no ring)

@: no status effects
A: fangs 1, strong nose, distributed training
a: no special abilities


You were on level 3 of the Dungeon.
You visited 1 branch of the dungeon, and saw 3 of its levels.

You collected 121 gold pieces.

Inventory:

Hand Weapons
 a - a +2 hand axe (weapon)
Missiles
 i - 3 poisoned darts
Armour
 b - a +0 pair of gloves (worn)
 d - a +0 robe (worn)
Wands
 m - a wand of light (10)
Scrolls
 e - 3 scrolls of identify {unknown}
 g - 2 scrolls of immolation {unknown}
 j - a scroll of vulnerability {unknown}
 k - 3 scrolls of magic mapping {unknown}
 n - a scroll of silence {unknown}
 o - 3 scrolls of blinking {unknown}
Potions
 c - a potion of heal wounds
 f - a potion of invisibility {unknown}
 h - 7 potions of curing {unknown}
 l - a potion of cancellation {unknown}


   Skills:
 + Level 4.7 Fighting
 + Level 1.3 Short Blades
 + Level 1.3 Long Blades
 + Level 4.7 Axes
 + Level 1.3 Maces & Flails
 + Level 1.3 Polearms
 + Level 1.3 Staves
 + Level 1.3 Ranged Weapons
 + Level 2.9 Throwing
 + Level 1.3 Armour
 + Level 2.9 Dodging
 + Level 1.3 Stealth
 + Level 1.3 Shields
 + Level 1.3 Unarmed Combat
 + Level 3.1 Spellcasting
 + Level 1.1 Conjurations
 + Level 1.1 Hexes
 + Level 1.1 Summonings
 + Level 1.1 Necromancy
 + Level 1.1 Translocations
 + Level 1.1 Transmutations
 + Level 3.9 Fire Magic
 + Level 1.1 Ice Magic
 + Level 1.1 Air Magic
 + Level 1.1 Earth Magic
 + Level 1.1 Poison Magic
 + Level 1.5 Invocations
 + Level 2.9 Evocations


You had 8 spell levels left.
You knew the following spells:

 Your Spells              Type           Power      Damage    Failure   Level
a - Foxfire               Conj/Fire      36%        2x1d5     7%          1

Your spell library contained the following spells:

 Spells                   Type           Power      Damage    Failure   Level
 Kindle Blastsparks       Fire/Tloc/Air  16%        2d11      26%         3
 Animate Dead             Necr           5%         N/A       77%         4
 Summon Lightning Spire   Summ/Air       5%         N/A       77%         4
 Haunt                    Necr/Summ      2%         N/A       100%        7
 Storm Form               Tmut/Air       2%         N/A       100%        7
 Infestation              Necr           2%         N/A       100%        8
 Maxwell's Capacitive Co  Air            2%         ∞         100%        8


Dungeon Overview and Level Annotations

Branches:
Dungeon (3/15)

Altars:

Shops:
D:1 :


Innate Abilities, Weirdness & Mutations

You have very sharp teeth.
Your uncanny sense of smell can sniff out nearby items.
Your experience applies equally to all skills.


Message History

The orc is moderately wounded.
The orc hits you with a +0 mace.
You hit the orc.
The orc is almost dead.
The orc barely misses you.
You hit the orc.
You kill the orc!
You barely miss the orc. You bite the orc, but do no damage.
The orc barely misses you.
The endoplasm quivers.
You hit the orc.
The orc is lightly wounded.
The orc barely misses you.
You hit the orc.
The orc is severely wounded.
The orc hits you with a +0 club.
You hit the orc.
You kill the orc!
You closely miss the orc priest.
You bite the orc priest, but do no damage.
The orc priest misses you.
You hit the orc priest.
The orc priest is lightly wounded.
The orc priest barely misses you.
You hit the orc priest. Your punch misses the orc priest.
The orc priest is moderately wounded.
The orc priest miscasts a cantrip.
You barely miss the orc priest.
The orc priest is moderately wounded.
The orc priest hits you with a +0 club.
You hit the orc priest but do no damage.
You bite the orc priest.
The orc priest is heavily wounded.
The orc priest looks encouraged for a moment.
The orc priest begins to cast a cantrip, but forgets the words!
You slash the orc priest!
The orc priest is almost dead.
The orc priest mumbles some strange prayers to Beogh against you.
Pain shoots through your body!
You die...

!....Joo.# #.#
...o.J...# #o#
....o.o..# #J#
...o.....# #.#
###.o....# #o#
........# #o#
##.......# #.#
#.###########o#
#...†@oJ# ##.######
#.# #.# #.# ###.#
#...################
#..................#
#################.##


You could see an orc priest, an orc and an endoplasm.

Vanquished Creatures
  Jessica (D:2)
  2 adders (D:2)
  A worm (D:2)
  2 dart slugs (D:2)
  4 orcs (D:3)
  5 ball pythons
  7 bats
  2 endoplasms (D:1)
  3 giant cockroaches (D:2)
  4 goblins (D:1)
  3 hobgoblins
  4 jackals (D:2)
  2 kobolds
  4 quokkas (D:1)
  2 frilled lizards (D:1)
  6 rats
52 creatures vanquished.

Vanquished Creatures (others)
  68 foxfires
68 creatures vanquished.

Grand Total: 120 creatures vanquished

Notes
Turn   | Place    | Note
-------+----------+-------------------------------------------
     0 | D:1      | McGhostyFace the Gnoll Wanderer began the quest for the
                  | Orb.
     0 | D:1      | McGhostyFace set off with the following items: a +2 hand
                  | axe, a +0 pair of gloves, a potion of heal wounds, a +0
                  | robe; and the following spell memorised: Foxfire; and the
                  | following spells available to memorise: Kindle Blastsparks.
     0 | D:1      | Reached XP level 1. HP: 20/20 MP: 4/4
    72 | D:1      | Found Qifaxt's Book Emporium.
   221 | D:1      | Reached XP level 2. HP: 26/26 MP: 3/5
   782 | D:1      | Reached XP level 3. HP: 31/31 MP: 7/7
  1278 | D:2      | Found a faded altar of an unknown god.
  1400 | D:2      | Reached skill level 1 in Invocations
  1523 | D:2      | Reached skill level 1 in Short Blades
  1523 | D:2      | Reached skill level 1 in Long Blades
  1523 | D:2      | Reached skill level 1 in Maces & Flails
  1523 | D:2      | Reached skill level 1 in Polearms
  1523 | D:2      | Reached skill level 1 in Staves
  1523 | D:2      | Reached skill level 1 in Ranged Weapons
  1523 | D:2      | Reached skill level 1 in Armour
  1523 | D:2      | Reached skill level 1 in Stealth
  1523 | D:2      | Reached skill level 1 in Shields
  1523 | D:2      | Reached skill level 1 in Unarmed Combat
  1830 | D:2      | Reached XP level 4. HP: 38/38 MP: 8/8
  1871 | D:2      | Noticed Jessica
  1888 | D:2      | Killed Jessica
  1889 | D:2      | Reached skill level 1 in Conjurations
  1889 | D:2      | Reached skill level 1 in Hexes
  1889 | D:2      | Reached skill level 1 in Summonings
  1889 | D:2      | Reached skill level 1 in Necromancy
  1889 | D:2      | Reached skill level 1 in Translocations
  1889 | D:2      | Reached skill level 1 in Transmutations
  1889 | D:2      | Reached skill level 1 in Ice Magic
  1889 | D:2      | Reached skill level 1 in Air Magic
  1889 | D:2      | Reached skill level 1 in Earth Magic
  1889 | D:2      | Reached skill level 1 in Poison Magic
  2497 | D:3      | Killed from afar by an orc priest

Illustrated notes

Levels and vault maps discovered:
D:1:      psy_arrival_spokes, layout_basic, serial_shops, shop,
          hangedman_abyss_or_decor_stabs, corexii_item_surrounded_by_moat
D:2:      layout_basic, basic_ecumenical_altar, minmay_misc_feat_secret_circle,
          uniq_jessica
D:3:      layout_basic, kennysheep_doodads, uniq_crazy_yiuf_cottage

Skill      XL: |  1  2  3  4 |
---------------+-------------+-----
Invocations    | 1 |  1.5
Short Blades   | 1 |  1.3
Long Blades    | 1 |  1.3
Maces & Flails | 1 |  1.3
Polearms       | 1 |  1.3
Staves         | 1 |  1.3
Ranged Weapons | 1 |  1.3
Armour         | 1 |  1.3
Stealth        | 1 |  1.3
Shields        | 1 |  1.3
Unarmed Combat | 1 |  1.3
Spellcasting   | 3 |  3.1
Conjurations   | 1 |  1.1
Hexes          | 1 |  1.1
Summonings     | 1 |  1.1
Necromancy     | 1 |  1.1
Translocations | 1 |  1.1
Transmutations | 1 |  1.1
Ice Magic      | 1 |  1.1
Air Magic      | 1 |  1.1
Earth Magic    | 1 |  1.1
Poison Magic   | 1 |  1.1
Fighting       | |  4.7
Axes           | |  4.7
Throwing       | |  2.9
Dodging        | |  2.9
Fire Magic     | |  3.9
Evocations     | |  2.9

Action                   |  1- 3 |  4- 6 || total
-------------------------+-------+-------++-------
Melee: Hand axe          |    85 |    60 ||   145
       Bite              |     6 |     7 ||    13
       Punch             |       |     2 ||     2
 Cast: Foxfire           |    30 |    28 ||    58
 Stab: Sleeping          |       |     1 ||     1
Armor: Robe              |    24 |     9 ||    33
Dodge: Dodged            |    56 |    46 ||   102

Table legend: (Time is in decaauts)
 A = Elapsed time spent in this place.
 B = Non-inter-level travel time spent in this place.
 C = Inter-level travel time spent in this place.
 D = Time resting spent in this place.
 E = Time spent auto-exploring this place.
 F = Levels seen in this place.
 G = Mean time per level.
                   A        B        C        D        E       F      G
               +--------+--------+--------+--------+--------+-----+--------+
         Total |   2511 |   2383 |    128 |    118 |   1799 |   3 |  837.0 |
       Dungeon |   2511 |   2383 |    128 |    118 |   1799 |   3 |  837.0 |
               +--------+--------+--------+--------+--------+-----+--------+

Top non-repeatable levels by time:
     D:1: 1275 daAuts
     D:2: 1090 daAuts
     D:3: 145 daAuts
